 Dungeon Crawl Stone Soup version 0.23.2 (webtiles) character file.

Game seed: 13744852276484110633

99 Borgoz the Cutter (level 4, -5/27 HPs)
             Began as a Gargoyle Gladiator on Apr 9, 2019.
             Slain by an ice beast (12 damage)
             ... on level 3 of the Dungeon.
             The game lasted 00:02:52 (1856 turns).

Borgoz the Cutter (Gargoyle Gladiator)              Turns: 1856, Time: 00:02:52

Health: -5/27      AC:  7    Str: 18    XL:     4   Next: 72%
Magic:  4/4        EV: 13    Int:  8    God:
Gold:   108        SH:  0    Dex: 12    Spells: 3/3 levels left

rFire    . . .     SeeInvis .   a - +0 rapier
rCold    . . .     Gourm    .   (no shield)
rNeg     + . .     Faith    .   b - +0 leather armour
rPois    ∞         Spirit   .   c - +0 helmet
rElec    +         Reflect  .   (no cloak)
rCorr    .         Harm     .   (no gloves)
MR       .....                  (no boots)
Stlth    ++........             (no amulet)
HPRegen  0.09/turn              (no ring)
MPRegen  0.09/turn              (no ring)

@: no status effects
A: negative energy resistance 1, electricity resistance, unbreathing,
petrification resistance, rot immunity, AC +3
a: no special abilities


You were on level 3 of the Dungeon.
You were not hungry.

You visited 1 branch of the dungeon, and saw 3 of its levels.

You collected 108 gold pieces.

Inventory:

Hand Weapons
 a - a +0 rapier (weapon)
Missiles
 d - 2 throwing nets (quivered)
Armour
 b - a +0 leather armour (worn)
 c - a +0 helmet (worn)
Jewellery
 k - an uncursed ring of poison resistance {unknown}
 s - an uncursed ring of protection from magic {unknown}
 t - an uncursed ring of protection from magic {unknown}
 u - a cursed -3 ring of protection {unknown}
Scrolls
 g - 2 scrolls of blinking {unknown}
 h - 4 scrolls of remove curse {unknown}
 i - a scroll of fear {unknown}
 l - a scroll of magic mapping {unknown}
 m - a scroll of teleportation {unknown}
 n - a scroll of enchant weapon {unknown}
 o - a scroll of identify {unknown}
 p - a scroll of fog {unknown}
Potions
 e - 2 potions of curing
 j - a potion of ambrosia {unknown}
 q - a potion of heal wounds {unknown}
 r - a potion of invisibility {unknown}
Comestibles
 f - 4 rations


   Skills:
 + Level 2.7 Fighting
 * Level 3.4 Short Blades
 - Level 1.7 Throwing
 + Level 1.2 Armour
 * Level 3.1 Dodging
 + Level 1.7 Stealth


You had 3 spell levels left.
You didn't know any spells.
Your spell library contained the following spells:

 Spells                   Type           Power        Failure   Level  Hunger
 Sting                    Conj/Pois      #...         45%         1    ##.....
 Poisonous Vapours        Pois/Air       #.....       61%         2    ###....
 Mephitic Cloud           Conj/Pois/Air  #.......     83%         3    ####...
 Olgreb's Toxic Radiance  Pois           #.......     99%         4    #####..
 Venom Bolt               Conj/Pois      #.........   100%        5    ######.


Dungeon Overview and Level Annotations

Branches:
Dungeon (3/15)

Altars:

Annotations:
D:3 Natasha, Sigmund


Innate Abilities, Weirdness & Mutations

You are resistant to torment.
Your stone body is resilient. (AC +3)
You are immune to poison.
You resist negative energy. (rN+)
You are resistant to electric shocks. (rElec)
You can survive without breathing.
You are immune to petrification.
You are immune to rotting.


Message History

You hit the ice beast but do no damage. The ice beast misses you.
You hit the ice beast but do no damage.
Natasha mumbles some strange words.
The ice beast hits you but does no damage.
You barely miss the ice beast. The ice beast barely misses you.
You hit the ice beast.
The ice beast is moderately wounded.
The ice beast hits you. The ice beast freezes you!
You barely miss the ice beast.
The ice beast is moderately wounded.
The ice beast barely misses you.
You puncture the ice beast!
The ice beast is severely wounded.
The ice beast closely misses you.
You barely miss the ice beast.
The ice beast is severely wounded.
The ice beast hits you.
* * * LOW HITPOINT WARNING * * *
The ice beast freezes you!
You die...

........# .###..#.#
....... ##...# ..
##......) ##..####...
#.@...... #.....##.#
#(....... ##....##.#
#......$. ### ###.....#
#........
...#######....####5.......
#..............@Yh.......
####..#######...##=.......
.....(.### #.#...........
######...## #.###.........
###..# #..###[.......
##.####[###......[#
###..###.(>......###
#.........#.....##
#.........# ##..


You could see an ice beast, Natasha and a white imp.

Vanquished Creatures
  Natasha (D:3)
  2 adders (D:2)
  2 worms (D:2)
  A dart slug (D:1)
  9 bats
  2 giant cockroaches
  6 goblins
  6 hobgoblins
  8 kobolds
  2 quokkas
  4 frilled lizards
  7 rats
50 creatures vanquished.

Notes
Turn   | Place    | Note
-------+----------+-------------------------------------------
     0 | D:1      | Borgoz the Gargoyle Gladiator began the quest for the Orb.
     0 | D:1      | Reached XP level 1. HP: 12/12 MP: 1/1
   131 | D:1      | Reached XP level 2. HP: 17/17 MP: 2/2
   552 | D:1      | Reached skill level 1 in Stealth
   565 | D:1      | Reached XP level 3. HP: 22/22 MP: 3/3
  1157 | D:2      | Reached XP level 4. HP: 23/27 MP: 4/4
  1158 | D:2      | Reached skill level 1 in Armour
  1482 | D:3      | Noticed Natasha
  1504 | D:3      | Killed Natasha
  1841 | D:3      | Noticed an ice beast
  1845 | D:3      | Noticed Sigmund
  1845 | D:3      | Noticed Natasha
  1856 | D:3      | Slain by an ice beast

Skill      XL: |  1  2  3  4 |
---------------+-------------+-----
Short Blades   | 3 |  3.4
Stealth        | 1 |  1.7
Armour         | 1 |  1.2
Dodging        | 3 |  3.1
Fighting       | |  2.7
Throwing       | |  1.7

Action                   |  1- 3 |  4- 6 || total
-------------------------+-------+-------++-------
Melee: Rapier            |   158 |    58 ||   216
Throw: Throwing net      |       |     1 ||     1
  Use: Potion            |       |     1 ||     1
 Stab: Sleeping          |     3 |     1 ||     4
  Eat: Chunk             |     1 |     2 ||     3
Armor: Leather armour    |    76 |    22 ||    98
Dodge: Dodged            |   141 |    38 ||   179
